Match 45849994
Unlisted

Match 45849994
End
Kradschützen Motorcycle Team
Panzergrenadier Squad
250 Light Carrier
Construct Light Support Kompanie
Selects Italian Infantry
Assault Grenadier Squad
Panzerjäger Squad
Construct Mechanized Kompanie
Support Armor Elements
2.5-tonne Medical Truck
Veteran Squad Leaders
Selects Guastatori Squad
StuG III D Assault Gun
StuG III D Assault Gun
Vehicle Survival Package
Advanced Field Repairs
Selects Defensive Operations
Selects Prepared Positions
Guastatori Squad
Construct Panzerarmee Kommand
Armored Reserves
Marder III Tank Destroyer
~TAB~ THUND3RCHUNKY
Born to Coom
pchealey
oldeenglishdry
0
0

Comments sign in to comment!

No comments posted yet!